 Dungeon Crawl Stone Soup version 0.19.0-20-gbc5f0c6 (webtiles) character file.

1250 Banto the Zephyrmancer (level 8, -1/31 HPs)
             Began as a Felid Air Elementalist on Nov 18, 2016.
             Killed from afar by an electric eel (7 damage)
             ... with a bolt of electricity
             ... on level 6 of the Dungeon.
             The game lasted 00:13:17 (8160 turns).

Banto the Zephyrmancer (Felid Air Elementalist)     Turns: 8160, Time: 00:13:18

Health: -1/31      AC:  5    Str:  4    XL:     8   Next: 26%
Magic:  12/12      EV: 18    Int: 20    God:
Gold:   415        SH:  4    Dex: 16    Spells: 4 memorised, 3 levels left
                                        Lives:  0   Deaths: 2

rFire  . . .     SeeInvis +     (weapon unavailable)
rCold  + . .     Gourm    .     (armour unavailable)
rNeg   . . .     Faith    .     (shield unavailable)
rPois  .         Spirit   .     (helmet unavailable)
rElec  .         Reflect  +     (cloak unavailable)
rCorr  .         Harm     .     (gloves unavailable)
MR     +....                    (boots unavailable)
Stlth  +++.......               s - +4 amulet of reflection
                                m - +3 ring of protection
                                r - ring of protection from cold

@: repel missiles, quick
A: no armour, no weapons or thrown items, stealth, claws 1, fangs 3, see
invisible, carnivore 3, speed 1, shaggy fur 2, slow metabolism 1, sharp paws
a: no special abilities


You were on level 6 of the Dungeon.
You were not hungry.

You visited 1 branch of the dungeon, and saw 6 of its levels.

You collected 415 gold pieces.

Inventory:

Jewellery
 c - a +3 ring of dexterity
 m - a +3 ring of protection (right paw)
 o - an uncursed ring of protection from fire
 q - a +5 ring of strength
 r - a ring of protection from cold (left paw)
 s - a +4 amulet of reflection (around neck)
Wands
 j - a wand of confusion (16/48)
Scrolls
 l - a scroll of fog
 v - a scroll of remove curse
 w - 2 scrolls of amnesia
Potions
 d - 3 potions of lignification
 e - 3 potions of curing
 f - a potion of berserk rage
 h - a potion of heal wounds
 i - 2 potions of brilliance
 k - a potion of ambrosia {unknown}
 n - 2 potions of flight
 p - 2 potions of cure mutation
 t - a potion of degeneration {unknown}
 u - a potion of might {unknown}
 x - a potion of resistance {unknown}
Books
 a - a book of Air

   Spells                             Type                      Level
   a - Shock                          Conjuration/Air              1
   b - Swiftness                      Charms/Air                   2
   c - Repel Missiles                 Charms/Air                   2
   d - Static Discharge               Conjuration/Air              3
   e - Lightning Bolt                 Conjuration/Air              5
Comestibles
 b - 3 meat rations
 g - a royal jelly


   Skills:
 - Level 2.6 Dodging
 - Level 2.6 Stealth
 - Level 2.0 Spellcasting
 + Level 8.2 Conjurations
 + Level 8.6 Air Magic


You had 3 spell levels left.
You knew the following spells:

 Your Spells              Type           Power        Failure   Level  Hunger
a - Shock                 Conj/Air       ####         1%          1    #......
b - Repel Missiles        Chrm/Air       ###...       4%          2    ##.....
c - Swiftness             Chrm/Air       ###.....     4%          2    ##.....
d - Static Discharge      Conj/Air       #####...     1%          3    ###....


Dungeon Overview and Level Annotations

Branches:
Dungeon (6/15)
 Temple: D:4-7

Altars:
Ru
Uskayaw


Innate Abilities, Weirdness & Mutations

You cannot wear armour.
You are incapable of wielding weapons or throwing items.
Your paws allow you to move quietly. (Stealth)
You have sharp claws.
You have razor-sharp teeth.
You have supernaturally acute eyesight. (SInv)
You are carnivorous and can eat meat at any time.
You cover ground quickly.
You are covered in thick fur. (AC +2)
You have a slow metabolism.
Your sharp claws are effective at attacking unaware monsters.


Message History

The bolt of electricity is repelled.
You see here 13 gold pieces.
You pounce on the unaware helpless electric eel!
You claw the electric eel! Your bite misses the electric eel.
The electric eel is heavily wounded.
The electric eel shoots out a bolt of lightning at you!
The bolt of electricity misses you.
You scratch the electric eel.
The electric eel is heavily wounded.
The electric eel shoots out a bolt of lightning at you!
The bolt of electricity misses you. x2
You barely miss the electric eel.
The electric eel is heavily wounded.
The electric eel shoots out a bolt of lightning at you!
The bolt of electricity hits you!
The electric eel shoots out a bolt of lightning at you!
The bolt of electricity hits you!
* * * LOW HITPOINT WARNING * * *
The bolt of electricity hits you!
You die...

### ####### ≈≈### ###≈.P.P##
≈≈≈≈## ##≈≈≈≈....##
≈≈≈#.####.#≈≈≈≈..P.##
#####....######≈..PP# ≈# #....#
#≈≈≈≈@...# ≈≈# #....# #≈≈≈;....#
;≈# #....# ####≈≈PP.# ≈≈≈###''##
≈≈≈≈.P# ≈≈≈≈##..# ≈≈≈≈.?.#
≈≈####÷#####≈≈≈≈.P.## ##
≈###.....≈≈##≈≈;P..# #.
##≈≈......≈.###≈...P############.
#≈≈.......≈≈..### #............


You could see 2 electric eels.

Vanquished Creatures
  A hill giant (D:6)
  Prince Ribbit (D:6)
  The ghost of androgeny the Shield-Bearer, an amateur FoFi (D:3)
  Menkaure (D:6)
  An ice beast (D:5)
  A black bear (D:6)
  2 ogres
  2 centaurs
  2 bullfrogs (D:6)
  A wyvern skeleton (D:6)
  A scorpion (D:6)
  3 wights (D:6)
  2 howler monkeys
  2 crimson imps (D:6)
  A quasit (D:6)
  A bullfrog zombie (D:6)
  A jelly (D:6)
  Crazy Yiuf (D:2)
  An orc priest (D:3)
  An orc wizard (D:3)
  5 worker ants
  A mummy (D:5)
  Robin (D:2)
  A worker ant zombie (D:3)
  4 gnolls (D:4)
  5 adders
  A shadow imp (D:6)
  2 oozes
  2 adder skeletons (D:4)
  2 worms
  4 dart slugs
  2 leopard geckos (D:2)
  18 orcs
  2 ball pythons
  4 bats
  8 giant cockroaches
  12 goblins
  8 hobgoblins
  9 jackals
  4 quokkas
  3 frilled lizards
  3 hobgoblin zombies (D:5)
  A jackal skeleton (D:6)
  8 kobolds
  An orc zombie (D:5)
  11 rats
149 creatures vanquished.

Vanquished Creatures (others)
  An adder (D:6)
1 creature vanquished.

Grand Total: 150 creatures vanquished

Notes
Turn   | Place    | Note
-------+----------+-------------------------------------------
     0 | D:1      | Banto the Felid Air Elementalist began the quest for the Orb.
     0 | D:1      | Reached XP level 1. HP: 7/7 MP: 4/4
   182 | D:1      | Reached skill level 1 in Conjurations
   456 | D:1      | Reached XP level 2. HP: 11/11 MP: 4/6
   998 | D:1      | Reached XP level 3. HP: 14/14 MP: 5/7
  1506 | D:2      | Noticed Robin
  1626 | D:2      | Killed Robin
  1626 | D:2      | Reached XP level 4. HP: 13/18 MP: 1/8
  1907 | D:2      | Noticed a hand axe
  1909 | D:2      | Noticed a dagger
  1910 | D:2      | Found a hide-covered altar of Uskayaw.
  2065 | D:2      | Found a sacrificial altar of Ru.
  2208 | D:2      | Found a runed door.
  2308 | D:2      | Learned a level 2 spell: Repel Missiles
  2311 | D:2      | Learned a level 2 spell: Swiftness
  2311 | D:2      | Noticed Crazy Yiuf
  2316 | D:2      | Killed Crazy Yiuf
  2675 | D:3      | Noticed androgeny's ghost (amateur FoFi)
  2777 | D:3      | Mangled by androgeny's ghost
  2778 | D:3      | Reached XP level 3. HP: -9/14 MP: 2/7
  2910 | D:3      | Killed androgeny's ghost
  2910 | D:3      | Reached XP level 4. HP: 18/18 MP: 2/8
  2910 | D:3      | Reached XP level 5. HP: 21/21 MP: 2/9
  3651 | D:3      | Gained mutation: You are covered in thick fur. (AC +2) [Felid growth]
  3651 | D:3      | Reached XP level 6. HP: 24/24 MP: 2/10
  3836 | D:3      | Reached skill level 5 in Air Magic
  4211 | D:4      | Learned a level 3 spell: Static Discharge
  4632 | D:4      | Reached skill level 5 in Conjurations
  4632 | D:4      | Reached XP level 7. HP: 26/27 MP: 2/11
  4821 | D:5      | Entered Level 5 of the Dungeon
  5579 | D:6      | Noticed a hill giant
  5604 | D:6      | Noticed Prince Ribbit
  5652 | D:6      | Killed a hill giant
  5652 | D:6      | Reached XP level 8. HP: 10/31 MP: 6/12
  6728 | D:6      | Noticed Menkaure
  6734 | D:6      | Killed Menkaure
  7014 | D:6      | Killed Prince Ribbit
  7014 | D:6      | Reached XP level 9. HP: 34/34 MP: 2/13
  7813 | D:6      | Killed from afar by an electric eel
  7814 | D:6      | Reached XP level 8. HP: -4/31 MP: 9/12
  8160 | D:6      | Killed from afar by an electric eel

Skill      XL: |  1  2  3  4  5  6  7  8  9 |
---------------+----------------------------+-----
Conjurations   | 1 2 3 4 5 6 7 8 |  8.2
Air Magic      | 3 4 5 6 8 |  8.6
Dodging        | |  2.6
Stealth        | |  2.6
Spellcasting   | |  2.0

Action                   |  1- 3 |  4- 6 |  7- 9 || total
-------------------------+-------+-------+-------++-------
Melee: Unarmed           |     7 |    34 |     9 ||    50
       Bite              |     1 |     4 |     2 ||     7
 Cast: Shock             |    76 |   168 |   111 ||   355
       Repel Missiles    |       |       |     1 ||     1
       Static Discharge  |       |       |    11 ||    11
  Use: Scroll            |     7 |     7 |     2 ||    16
 Stab: Sleeping          |     1 |     5 |     3 ||     9
  Eat: Chunk             |     8 |    14 |     3 ||    25
Armor: Skin              |     2 |     3 |     2 ||     7
Dodge: Dodged            |    18 |    48 |    54 ||   120
       Deflected         |       |       |     2 ||     2
Block: Other             |       |       |     5 ||     5

Table legend:
 A = Turns spent in this place as a percentage of turns spent in the entire game.
 B = Non-inter-level travel turns spent in this place as a percentage of non-inter-level travel turns spent in the entire game.
 C = Inter-level travel turns spent in this place as a percentage of turns spent in this place.
 D = Turns resting spent in this place as a percentage of non-inter-level travel turns spent in this place.
 E = Turns spent auto-exploring this place as a percentage of non-inter-level travel turns spent in this place.
 F = Non-inter-level travel turns spent in this place divided by the number of levels of this place that you've seen.
                   A       B       C       D       E      F
               +-------+-------+-------+-------+-------+----------------------
         Total | 100.0 | 100.0 |   0.5 |   8.4 |  11.0 | 334.5
       Dungeon | 100.0 | 100.0 |   0.5 |   8.4 |  11.0 | 334.5
               +-------+-------+-------+-------+-------+----------------------

Table legend:
 A = Kills in this place as a percentage of kills in entire the game.
 B = Kills by you in this place as a percentage of kills by you in the entire game.
 C = Kills by friends in this place as a percentage of kills by friends in the entire game.
 D = Other kills in this place as a percentage of other kills in the entire game.
 E = Experience gained in this place as a percentage of experience gained in the entire game.
 F = Experience gained in this place divided by the number of levels of this place that you have seen.
                   A       B       C       D       E      F
               +-------+-------+-------+-------+-------+----------------------
         Total | 100.0 | 100.0 |  -nan | 100.0 | 100.0 | 586.8
       Dungeon | 100.0 | 100.0 |  -nan | 100.0 | 100.0 | 586.8
               +-------+-------+-------+-------+-------+----------------------
